AoeStats
← zamithdaniel

Arabia

508149845Analyzed
3v3 RM · 12d ago on Sep 21, 2026· 98m 42s· 6 players
Game mode
Random Map
Map size
Normal (6 player)
Population
200
Speed
Normal
Resources
Standard
Victory
Conquest
Starting age
Dark Age
Ending age
Imperial Age
RankedLock teamsTeams togetherTeam positionsShared explorationLock speedFull tech treeHidden civsTurbo modeCheats
Victory
Defeat
🇦🇷 Mapuche · Argentina
988
+12
🇦🇷 Franks · Argentina
968
+13
🇦🇷 Tatars · Argentina
784
+19
🇨🇴 Mongols · Colombia
903
-15
🇨🇴 Japanese · Colombia
897
-15
🇺🇸 Ethiopians · United States
863
-14
kaiju
4:49 Loom
11:39 Feudal Age
12:53 Double-Bit Axe
13:46 Wheelbarrow
20:07 Castle Age
18:10 Horse Collar
18:24 Stone Mining
18:39 Fletching
18:54 Gold Mining
20:49 Crossbowman
23:46 Hand Cart
24:09 Bow Saw
25:28 Thumb Ring
25:26 Padded Archer Armor
27:41 Bodkin Arrow
28:01 Leather Archer Armor
29:50 Squires
30:53 Heavy Plow
zamithdaniel
10:28 Feudal Age
11:27 Double-Bit Axe
12:00 Horse Collar
22:44 Castle Age
25:20 Bow Saw
25:04 Stone Mining
25:08 Gold Mining
25:58 Bow Saw
27:12 Fortified Wall
29:58 Heavy Plow
32:53 Imperial Age
31:22 Padded Archer Armor
31:22 Fletching
33:08 Leather Archer Armor
32:50 Bodkin Arrow
36:43 Heavy Cavalry Archer
37:50 Parthian Tactics
38:34 Gold Shaft Mining
38:27 Ballistics
39:51 Chemistry
39:10 Bracer
46:58 Elite Mangudai
77:58 Elite Skirmisher
84:12 Onager
86:04 Siege Onager
87:46 Siege Onager
89:13 Stone Shaft Mining
91:28 Drill
Dovahkyn
11:25 Feudal Age
19:05 Castle Age
21:57 Wheelbarrow
21:04 Horse Collar
21:11 Double-Bit Axe
24:52 Heavy Plow
27:21 Loom
30:23 Forging
30:14 Scale Mail Armor
30:30 Bow Saw
33:57 Imperial Age
33:31 Iron Casting
33:11 Chain Mail Armor
34:18 Gold Mining
34:24 Stone Mining
36:34 Conscription
36:17 Elite Samurai
37:10 Squires
36:55 Gambesons
36:58 Arson
37:12 Town Watch
38:15 Kataparuto
39:13 Plate Mail Armor
39:45 Blast Furnace
39:34 Gold Shaft Mining
43:01 Chemistry
42:22 Ballistics
41:45 Treadmill Crane
42:16 Fortified Wall
58:12 Man-at-Arms
59:28 Long Swordsman
60:07 Two-Handed Swordsman
61:48 Coinage
68:44 Champion
72:07 Caravan
72:39 Banking
74:23 Fletching
74:34 Padded Archer Armor
75:20 Elite Skirmisher
77:39 Bodkin Arrow
77:59 Leather Archer Armor
78:54 Thumb Ring
78:52 Bracer
errejupe
7:30 Loom
10:13 Feudal Age
12:36 Double-Bit Axe
17:52 Castle Age
19:50 Champi Runner
20:15 Arson
22:26 Bow Saw
22:10 Gold Mining
21:44 Champi Warrior
23:36 Forging
26:11 Horse Collar
27:08 Scale Mail Armor
29:14 Wheelbarrow
29:21 Town Watch
30:51 Iron Casting
32:17 Hand Cart
33:21 Chain Mail Armor
37:58 Imperial Age
35:33 Town Patrol
40:58 Blast Furnace
40:29 Plate Mail Armor
39:50 Fletching
39:35 Elite Champi Warrior
39:42 Capped Ram
42:39 Elite Skirmisher
46:51 Heavy Plow
48:25 Bodkin Arrow
53:46 Padded Archer Armor
54:10 Ballistics
54:50 Chemistry
59:31 Malon
63:21 Ballistics
68:18 Crop Rotation
68:24 Gold Shaft Mining
71:24 Leather Archer Armor
72:49 Ring Archer Armor
72:46 Caravan
84:34 Conscription
Brunito72
7:49 Loom
10:06 Feudal Age
10:55 Town Watch
15:01 Double-Bit Axe
20:57 Castle Age
20:48 Wheelbarrow
21:30 Scale Barding Armor
21:36 Forging
22:16 Bow Saw
22:29 Husbandry
24:53 Gold Mining
25:33 Chain Barding Armor
27:12 Iron Casting
33:06 Imperial Age
34:07 Cavalier
35:44 Gold Shaft Mining
35:37 Hand Cart
38:00 Blast Furnace
37:41 Plate Barding Armor
38:22 Hand Cart
38:07 Town Patrol
40:29 Paladin
45:11 Blast Furnace
62:33 Chemistry
71:19 Padded Archer Armor
91:50 Leather Archer Armor
91:25 Fletching
alfondisanti
12:21 Feudal Age
13:28 Horse Collar
16:43 Double-Bit Axe
16:55 Loom
24:47 Castle Age
25:22 Stone Mining
25:22 Gold Mining
25:43 Heavy Plow
29:34 Light Cavalry
30:25 Bloodlines
30:15 Husbandry
31:11 Gold Shaft Mining
30:31 Fletching
30:42 Padded Archer Armor
30:49 Scale Barding Armor
34:29 Bow Saw
34:52 Leather Archer Armor
34:32 Bodkin Arrow
34:58 Chain Barding Armor
34:50 Forging
45:51 Wheelbarrow
46:51 Silk Armor
53:17 Imperial Age
51:03 Hand Cart
52:24 Elite Skirmisher
52:29 Crossbowman
55:20 Bracer
55:51 Ring Archer Armor
55:57 Plate Barding Armor
56:40 Ballistics
57:21 Chemistry
62:22 Crop Rotation
62:53 Heavy Camel Rider
62:55 Cavalier
62:56 Elite Steppe Lancer
66:04 Hussar
Connection lost

Rejoining the realm…

Still unreachable

The connection could not be restored.

Session expired

The server has moved on; the page needs a fresh start.